 Dungeon Crawl Stone Soup version 0.29.0-11-gd7f09526c8 (webtiles) character file.

Game seed: 12016015024194074262

4051 Arum the Fighter (level 10, -7/64 (85) HPs)
             Began as a Formicid Fighter on Sept 3, 2022.
             Was a Follower of Cheibriados.
             Mangled by an orc warrior
             ... wielding a +0 halberd
              (16 damage)
             ... in a bailey.
             The game lasted 00:14:22 (9329 turns).

Arum the Fighter (Formicid Fighter)                 Turns: 9329, Time: 00:14:22

HP:   -7/64 (85)    AC: 10    Str: 27    XL:     10   Next: 48%
MP:   10/10         EV:  9    Int: 10    God:    Cheibriados [*.....]
Gold: 438           SH:  6    Dex: 21    Spells: 9/9 levels left

rFire   . . .      SeeInvis +   a - +0 quarterstaff
rCold   . . .      Faith    .   c - +0 buckler
rNeg    . . .      Spirit   .   b - +0 scale mail
rPois   .          Reflect  .   (helmet unavailable)
rElec   .          Harm     .   w - +0 cloak
rCorr   .          Rampage  .   (no gloves)
Will    +....                   (no boots)
Stlth   ..........              (no amulet)
HPRegen 0.20/turn               p - +6 ring of dexterity
MPRegen 0.12/turn               (no ring)

@: studying Fighting, heavily drained, very slow
A: permanent stasis, dig shafts and tunnels, antennae 3, four strong arms
a: Dig, Renounce Religion, Bend Time


You were in a bailey.
You worshipped Cheibriados.
Cheibriados was aware of your devotion.
You visited 1 branch of the dungeon, and saw 8 of its levels.
You also visited: Bailey.

You collected 438 gold pieces.

Inventory:

Hand Weapons
 a - a +0 quarterstaff (weapon)
 x - a +2 scimitar of flaming
Armour
 b - a +0 scale mail (worn)
 c - a +0 buckler (worn)
 w - a +0 cloak (worn)
Jewellery
 d - a ring of protection from fire
 p - a +6 ring of dexterity (left hand)
Wands
 q - a wand of roots (17)
Scrolls
 h - 2 scrolls of teleportation {unknown}
 i - 3 scrolls of poison {unknown}
 m - 2 scrolls of blinking
 o - 4 scrolls of fear
 r - 3 scrolls of noise {unknown}
 t - a scroll of enchant weapon
 v - 2 scrolls of immolation
Potions
 j - 3 potions of curing
 k - 2 potions of heal wounds
 l - 7 potions of mutation
 n - 2 potions of brilliance
 s - a potion of flight
 u - a potion of degeneration


   Skills:
 + Level 9.9 Fighting
 + Level 8.6 Staves
 + Level 9.8 Armour
 - Level 4.0 Shields


You had 9 spell levels left.
You didn't know any spells.
Your spell library contained the following spells:

 Spells                   Type           Power      Damage    Failure   Level
 Magic Dart               Conj           0%         1d3       65%         1
 Sting                    Tmut/Pois      0%         1d3       65%         1
 Poisonous Vapours        Pois/Air       0%         N/A       80%         2
 Searing Ray              Conj           0%         2d4       80%         2
 Fulminant Prism          Conj/Hex       0%         3d6       100%        4
 Olgreb's Toxic Radiance  Pois           0%         N/A       100%        4
 Alistair's Intoxication  Tmut/Pois      0%         N/A       100%        5
 Borgnjor's Vile Clutch   Necr/Erth      0%         N/A       100%        5
 Eringya's Noxious Bog    Tmut/Pois      0%         N/A       100%        6


Dungeon Overview and Level Annotations

Branches:
Dungeon (8/15)             Temple (0/1) D:7          Bailey (1/1)
   Lair: D:8-11

Altars:
Cheibriados
Dithmenos
Elyvilon
Ru
Sif Muna
Uskayaw
Wu Jian
Yredelemnul


Innate Abilities, Weirdness & Mutations

You cannot be hasted, slowed, berserked, paralysed or teleported.
You can dig through walls and to a lower floor.
You have a pair of large antennae on your head. (SInv)
Your four strong arms can wield two-handed weapons with a shield.


Message History

The orc warrior is heavily wounded.
The orc warrior closely misses you.
You hit the orc warrior.
The orc warrior is heavily wounded.
The orc warrior hits you with a +0 halberd!
You hit the orc warrior but do no damage.
The orc warrior is heavily wounded.
You barely miss the orc warrior.
The orc warrior is heavily wounded.
The orc warrior hits you with a +0 halberd!
* * * LOW HITPOINT WARNING * * *
You hit the orc warrior but do no damage.
The orc warrior is heavily wounded.
The orc warrior hits you but does no damage.
You sock the orc warrior!
The orc warrior is severely wounded.
The orc warrior hits you with a +0 halberd!
* * * LOW HITPOINT WARNING * * *
You feel much better. You block the orc warrior's attack.
You closely miss the orc warrior.
The orc warrior is severely wounded.
You block the orc warrior's attack.
Unknown command.
You barely miss the orc warrior.
The orc warrior is severely wounded.
The orc warrior hits you with a +0 halberd!!
* * * LOW HITPOINT WARNING * * *
You feel much better.
The orc warrior hits you with a +0 halberd!
* * * LOW HITPOINT WARNING * * *
You feel much better.
The orc warrior hits you but does no damage.
You hit the orc warrior.
The orc warrior is almost dead.
The orc warrior hits you with a +0 halberd!
* * * LOW HITPOINT WARNING * * *
You hit the orc warrior.
The orc warrior is almost dead.
The orc warrior hits you with a +0 halberd!
You die...

.........................#≈.....#
#.∩#≈...............≈#∩.##≈.....#
#.##≈....#######....≈##.#≈≈..)..#
≈.≈≈≈....# ..##...≈≈≈.≈≈......#
.........# ..##..............#
.........# ..##.............#
.....##..# ..#.............#
.....##.## ###.##.............
.....##.+{ { #o@.##.)..........#
.....##.# { {###.##............#
.....##.+{ { #.'.##............#
.....##.##### ###.##............#
......#..##.#{##..#.............#
......##..#'#+#..##.............#
.......##.......##..............#
≈.≈≈≈...#########...≈≈≈.≈≈.......
#.##≈......###......≈##.#≈≈.....#


You could see an orc warrior.

Vanquished Creatures
  Erica (D:8)
  A cyclops (D:6)
  Maggie (D:7)
  Sigmund (D:3)
  Eustachio (D:5)
  5 orc warriors (Bailey)
  2 black bears (D:6)
  An ice beast (D:7)
  An ogre (D:5)
  3 phantoms
  Blork the orc (D:4)
  3 scorpions
  7 wights
  A howler monkey (D:7)
  3 hounds
  4 jellies
  3 orc priests
  4 iguanas
  5 orc wizards
  Ijyb (D:3)
  4 gnolls
  6 adders
  2 ufetubi
  3 dart slugs
  2 worms
  23 orcs
  10 endoplasms
  A giant cockroach (D:3)
  5 goblins
  5 hobgoblins
  7 jackals (D:4)
  6 kobolds
  2 quokkas
  8 ball pythons
  17 bats
  6 frilled lizards
  6 rats
  A spectral orc (D:4)
163 creatures vanquished.

Vanquished Creatures (others)
  8 fungi (D:4)
8 creatures vanquished.

Grand Total: 171 creatures vanquished

Notes
Turn   | Place    | Note
-------+----------+-------------------------------------------
     0 | D:1      | Arum the Formicid Fighter began the quest for the Orb.
     0 | D:1      | Reached XP level 1. HP: 18/18 MP: 1/1
   136 | D:1      | Reached XP level 2. HP: 24/24 MP: 2/2
   276 | D:1      | Reached XP level 3. HP: 30/30 MP: 3/3
  1145 | D:2      | Reached XP level 4. HP: 35/37 MP: 4/4
  1577 | D:2      | Reached XP level 5. HP: 40/42 MP: 5/5
  1733 | D:3      | Found a shadowy altar of Dithmenos.
  1818 | D:3      | Found a faded altar of an unknown god.
  1821 | D:3      | Prayed at the altar of an unknown god.
  1821 | D:3      | Became a worshipper of Sif Muna the Loreminder
  1821 | D:3      | Reached * piety under Sif Muna
  1902 | D:3      | Fell from the grace of Sif Muna
  2150 | D:3      | Noticed Ijyb
  2156 | D:3      | Killed Ijyb
  2237 | D:3      | Noticed Sigmund
  2245 | D:3      | Killed Sigmund
  2246 | D:3      | Reached skill level 5 in Fighting
  2246 | D:3      | Reached skill level 5 in Armour
  2246 | D:3      | Reached XP level 6. HP: 34/51 MP: 6/6
  2862 | D:4      | Noticed Blork the orc
  2880 | D:4      | Reached XP level 7. HP: 34/53 MP: 7/7
  2898 | D:4      | Killed Blork the orc
  3576 | D:4      | You fall into a shaft and drop 1 floor!
  3576 | D:5      | Entered Level 5 of the Dungeon
  3650 | D:5      | Reached skill level 5 in Staves
  3650 | D:5      | Reached XP level 8. HP: 47/64 MP: 8/8
  3741 | D:5      | Noticed Eustachio
  3775 | D:5      | Killed Eustachio
  5426 | D:4      | Found a basalt altar of Yredelemnul.
  5809 | D:4      | Reached XP level 9. HP: 72/72 MP: 9/9
  5915 | D:6      | Found a snail-covered altar of Cheibriados.
  5920 | D:6      | Became a worshipper of Cheibriados the Contemplative
  6246 | D:6      | Found a hide-covered altar of Uskayaw.
  6341 | D:6      | Noticed a cyclops
  6359 | D:6      | Killed a cyclops
  6498 | D:6      | Found a sacrificial altar of Ru.
  6506 | D:6      | Found an ornate altar of the Wu Jian Council.
  6789 | D:7      | Found a white marble altar of Elyvilon.
  6900 | D:7      | Was forgiven by Sif Muna
  7252 | D:7      | Found a shimmering blue altar of Sif Muna.
  7273 | D:7      | Noticed Maggie
  7292 | D:7      | Killed Maggie
  7292 | D:7      | HP: 3/62 [orc wizard/magic dart (7)]
  7693 | D:7      | Reached XP level 10. HP: 73/82 MP: 10/10
  7842 | D:7      | Found a staircase to the Ecumenical Temple.
  8265 | D:8      | Noticed Erica
  8286 | D:8      | Killed Erica
  8492 | D:8      | Found a flagged portal.
  8501 | Bailey   | Entered a bailey
  8774 | Bailey   | Reached * piety under Cheibriados
  9152 | Bailey   | Identified a scroll of acquirement
  9155 | Bailey   | Acquired a manual of Fighting
  9322 | Bailey   | HP: 3/64 [orc warrior/+0 halberd (11)]
  9329 | Bailey   | Mangled by an orc warrior

Illustrated notes

Levels and vault maps discovered:
D:1:      denvon_arrival_waterhouse, layout_basic, st_stairs_2
D:2:      layout_basic, hangedman_decor_push
D:3:      layout_basic, grunt_dithmenos_smoke,
          shapermc_ecumenical_altar_mp_vishouse, grunt_ministairs_3,
          grunt_decor_clamped, minmay_pentangle, uniq_sigmund, uniq_ijyb
D:4:      layout_rooms, yredelemnul_forgotten_temple_becter, serial_aquarium,
          aquarium_bridge_square [aquarium_subvault_bridge,
          aquarium_subvault_wall, aquarium_subvault_bridge,
          aquarium_subvault_wall], aquarium_bridge_straight
          [aquarium_subvault_bridge, aquarium_subvault_window,
          aquarium_subvault_bridge, aquarium_subvault_wall], aquarium_window_3,
          aquarium_window_corner, aquarium_view_2b, aquarium_view_2c,
          aquarium_pool_1, uniq_blork_the_orc
D:5:      layout_basic, uniq_eustachio
D:6:      layout_rooms, nicolae_uskayaw_dance_hall, cheibriados_altar_1,
          nicolae_overflow_squiral
D:7:      layout_cave_pods, tgw_sif, elyvilon_altar_1,
          minmay_temple_entry_arrows, st_stairs_2, uniq_maggie
D:8:      layout_layer_cave, mainiacjoe_overflow_paths, enter_bailey_2,
          uniq_pikel, uniq_erica, uniq_psyche
Bailey:   bailey_polearm_2, bailey

Skill      XL: |  1  2  3  4  5  6  7  8  9 10 |
---------------+-------------------------------+-----
Fighting       | 4 5 6 7 8 9 |  9.9
Armour         | 4 5 6 7 8 9 |  9.8
Staves         | 3 4 5 6 7 8 |  8.6
Shields        | |  4.0

Action                   |  1- 3 |  4- 6 |  7- 9 | 10-12 || total
-------------------------+-------+-------+-------+-------++-------
Melee: Quarterstaff      |    53 |   117 |   338 |   108 ||   616
Invok: Renounce Religion |       |     1 |       |       ||     1
 Abil: Dig               |       |     1 |     8 |     5 ||    14
  Use: Potion            |       |       |     3 |     4 ||     7
       Scroll            |       |       |       |    12 ||    12
Armor: Scale mail        |    31 |    45 |   114 |    23 ||   213
Dodge: Dodged            |    23 |    46 |   124 |    36 ||   229
Block: Buckler           |     8 |    24 |    86 |    22 ||   140
